 Dungeon Crawl Stone Soup version 0.27-a0-1334-g2746e35aca (webtiles) character file.

Game seed: 11899917390673839244

27 Arzdou the Skirmisher (level 3, -9/33 HPs)
             Began as a Hill Orc Monk on June 26, 2021.
             Mangled by a gnoll (14 damage)
             ... on level 1 of the Dungeon.
             The game lasted 00:03:37 (1208 turns).

Arzdou the Skirmisher (Hill Orc Monk)               Turns: 1208, Time: 00:03:38

Health: -9/33      AC:  3    Str: 14    XL:     3   Next: 10%
Magic:  3/3        EV: 12    Int: 10    God:
Gold:   50         SH:  0    Dex: 13    Spells: 2/2 levels left

rFire    . . .     SeeInvis .   a - +0 hand axe
rCold    . . .     Faith    .   (no shield)
rNeg     . . .     Spirit   .   e - +0 leather armour
rPois    .         Reflect  .   (no helmet)
rElec    .         Harm     .   (no cloak)
rCorr    .         Rampage  .   (no gloves)
Will     .....                  (no boots)
Stlth    ++........             (no amulet)
HPRegen  0.11/turn              (no ring)
MPRegen  0.08/turn              (no ring)

@: weak-willed
A: no striking features
a: no special abilities


You were on level 1 of the Dungeon.
You visited 1 branch of the dungeon, and saw 2 of its levels.

You collected 50 gold pieces.

Inventory:

Hand Weapons
 a - a +0 hand axe (weapon)
Missiles
 f - 40 stones (quivered)
Armour
 b - a +0 robe
 e - a +0 leather armour (worn)
Jewellery
 h - a ring of flight
Scrolls
 d - a scroll of torment {unknown}
 g - a scroll of identify {unknown}


   Skills:
 * Level 4.3 Fighting
 + Level 4.2 Axes
 * Level 0.1 Armour
 + Level 2.7 Dodging
 - Level 1.7 Stealth


You had 2 spell levels left.
You didn't know any spells.
Your spell library was empty.

Dungeon Overview and Level Annotations

Branches:
Dungeon (2/15)

Altars:


Message History

A gnoll comes into view. It is wielding a +0 halberd.
The gnoll shouts! x2
A gnoll comes into view. It is wielding a +0 spear.
The gnoll shouts!
The gnoll completely misses you.
Throw: 41 stones
Press: ? - help, Q - select action Shift-Dir - straight line, f - gnoll
Aim: a gnoll, wielding a +0 halberd (63% to hit)
You throw a stone.
The stone hits the gnoll but does no damage.
The gnoll misses you.
The teleport trap disappears.
The gnoll disappears!
There is a stone staircase leading up here.
The gnoll barely misses you.
The gnoll hits you from afar with a +0 halberd!
The gnoll misses you.
You climb upwards.
There is a stone staircase leading down here.
You climb downwards.
There is a stone staircase leading up here.
The gnoll closely misses you. The gnoll barely misses you.
There is a stone staircase leading up here.
The gnoll hits you with a +0 halberd!
The gnoll hits you from afar with a +0 spear.
* * * LOW HITPOINT WARNING * * *
You climb upwards.
There is a stone staircase leading down here.
You aren't carrying any potions.
As you read the scroll labelled QANLARIJEX, it crumbles to dust.
Magic quickly surges around you.
It was a scroll of vulnerability.
The gnoll hits you with a +0 halberd.
* * * LOW HITPOINT WARNING * * *
The gnoll misses you. The gnoll closely misses you.
You hit the gnoll but do no damage. The gnoll barely misses you.
You hit the gnoll.
The gnoll is lightly wounded.
The gnoll hits you with a +0 halberd!
You die...

#.####.##.## ###'###
#....... #...##.##.#
#...[# #.......
#.#.##.##.## #....#
####.... #.#....##..#
#....# #....
..########.#####'##
##### ### #.†# #.#
##)## #.# #..###.#
#....#@# #####
#....#g##### #...#
#....#.....# #'#.#
###.##.....#
#.#.########.##.....#
#.#...........#.....#
#.##.#######..#.....#
##.##........#.#..#.##
#...########.#..).#.#


You could see a gnoll (weak-willed).

Vanquished Creatures
  2 dart slugs (D:1)
  2 endoplasms (D:1)
  2 goblins (D:1)
  A hobgoblin (D:1)
  3 ball pythons (D:1)
  3 bats (D:1)
  A frilled lizard (D:1)
  5 kobolds (D:1)
  4 rats (D:1)
23 creatures vanquished.

Notes
Turn   | Place    | Note
-------+----------+-------------------------------------------
     0 | D:1      | Arzdou the Hill Orc Monk began the quest for the Orb.
     0 | D:1      | Reached XP level 1. HP: 19/19 MP: 1/1
   225 | D:1      | Reached XP level 2. HP: 22/27 MP: 2/2
   904 | D:1      | Reached XP level 3. HP: 26/33 MP: 3/3
  1208 | D:1      | Mangled by a gnoll

Illustrated notes

Levels and vault maps discovered:
D:1:      mrwooster_arrival_arrow, layout_basic
D:2:      layout_loops_ring, shapermc_ecumenical_altar_flowoftime, serial_shops,
          shop, shop_fountains, minmay_misc_feat_square

Skill      XL: |  1  2 |
---------------+-------+-----
Fighting       | 4 |  4.3
Axes           | |  4.2
Armour         | |  0.1
Dodging        | |  2.7
Stealth        | |  1.7

Action                   || total
-------------------------++-------
Melee: Hand axe          ||    58
Throw: Stone             ||     5
  Use: Scroll            ||     1
 Stab: Sleeping          ||     2
Armor: Robe              ||     6
       Leather armour    ||     6
Dodge: Dodged            ||    45

Table legend: (Time is in decaauts)
 A = Elapsed time spent in this place.
 B = Non-inter-level travel time spent in this place.
 C = Inter-level travel time spent in this place.
 D = Time resting spent in this place.
 E = Time spent auto-exploring this place.
 F = Levels seen in this place.
 G = Mean time per level.
                   A        B        C        D        E       F      G
               +--------+--------+--------+--------+--------+-----+--------+
         Total |   1215 |   1185 |     30 |     53 |    915 |   2 |  607.5 |
       Dungeon |   1215 |   1185 |     30 |     53 |    915 |   2 |  607.5 |
               +--------+--------+--------+--------+--------+-----+--------+

Top non-repeatable levels by time:
     D:1: 1176 daAuts
     D:2: 38 daAuts
